 Dungeon Crawl Stone Soup version 0.20.1-1-g8b1a95d (webtiles) character file.

243 dohliylev the Covert (level 5, 0/35 HPs)
             Began as a Vampire Enchanter on Dec 31, 2017.
             Was an Initiate of Nemelex Xobeh.
             Slain by an ogre
             ... wielding a +0 giant spiked club
              (8 damage)
             ... while paralysed by Grinder
             ... on level 4 of the Dungeon.
             The game lasted 00:11:56 (4146 turns).

dohliylev the Covert (Vampire Enchanter)            Turns: 4146, Time: 00:11:57

Health: 0/35       AC:  2    Str:  7    XL:     5   Next: 82%
Magic:  7/8        EV:  2    Int: 18    God:    Nemelex Xobeh [......]
Gold:   174        SH:  0    Dex: 15    Spells: 2/8 levels left

rFire    . . .     SeeInvis +   a - +1 dagger
rCold    . . .     Gourm    .   (no shield)
rNeg     + . .     Faith    .   b - +0 robe
rPois    .         Spirit   .   j - +0 hat
rElec    .         Reflect  .   (no cloak)
rCorr    .         Harm     .   (no gloves)
MR       .....                  (no boots)
Stlth    ++++......             (no amulet)
Regen    0.2/turn               (no ring)
MPRegen  0.2/turn               (no ring)

@: paralysed
A: fangs 3, see invisible, unbreathing
a: Bat Form, Renounce Religion


You were on level 4 of the Dungeon.
You worshipped Nemelex Xobeh.
Nemelex Xobeh was noncommittal.
You were not thirsty.

You visited 2 branches of the dungeon, and saw 5 of its levels.

You collected 174 gold pieces.

Inventory:

Hand Weapons
 a - a +1 dagger (weapon)
 q - a +1 dagger of freezing
Armour
 b - a +0 robe (worn)
 j - a +0 hat (worn)
Wands
 n - a wand of flame (0/48)
 r - a wand of flame (14/48)
 v - a wand of iceblast (4/15)
Scrolls
 g - 2 scrolls of identify
 h - 5 scrolls of teleportation
 i - 2 scrolls of remove curse
 k - a scroll of noise {unknown}
 l - a scroll of random uselessness {unknown}
 o - a scroll of blinking {unknown}
 s - a scroll of fog {unknown}
 t - a scroll of amnesia {unknown}
Potions
 d - 6 potions of blood
 e - 2 potions of might {unknown}
 f - 2 potions of agility {unknown}
 m - a potion of curing {unknown}
 p - a potion of haste {unknown}
Books
 c - a book of Maledictions

   Spells                             Type                      Level
   a - Corona                         Hexes                        1
   b - Ensorcelled Hibernation        Hexes/Ice                    2
   c - Confuse                        Hexes                        3
   d - Tukima's Dance                 Hexes                        3
   e - Dazzling Spray                 Conjuration/Hexes            3
 u - a book of the Earth

   Spells                             Type                      Level
   a - Leda's Liquefaction            Hexes/Earth                  4
   b - Bolt of Magma                  Conjuration/Fire/Earth       5
   c - Statue Form                    Transmutation/Earth          6
   d - Iron Shot                      Conjuration/Earth            6
   e - Shatter                        Earth                        9


   Skills:
 + Level 1.2 Short Blades
 - Level 2.1 Dodging
 - Level 8.0 Stealth
 - Level 2.0 Spellcasting
 - Level 7.1 Hexes
 - Level 0.5 Evocations


You had 2 spell levels left.
You knew the following spells:

 Your Spells              Type           Power        Failure   Level  Hunger
a - Corona                Hex            ####...      1%          1    #......
b - Ensorcelled Hibernat  Hex/Ice        ##....       6%          2    ###....
c - Confuse               Hex            ####....     2%          3    ###....


Dungeon Overview and Level Annotations

Branches:
Dungeon (4/15)             Temple (1/1) D:4

Altars:
Ashenzari
Cheibriados
Fedhas
Gozag
Kikubaaqudgha
Nemelex Xobeh
Okawaru
Qazlal
Ru
Sif Muna
Uskayaw
Vehumet
Xom
Yredelemnul
Zin
The Shining One

Annotations:
D:4 Grinder; hilaritas's ghost, amateur DDBe


Innate Abilities, Weirdness & Mutations

You have razor-sharp teeth.
You have supernaturally acute eyesight. (SInv)
You can survive without breathing.


Message History

Hilaritas's ghost hits you. Hilaritas's ghost hits you.
Hilaritas's ghost hits you!
The howler monkey hoots and howls with incredible vigour!
You hear an angry hiss.
An ogre comes into view. It is wielding a giant club.
The ogre shouts!
The howler monkey hoots and howls with incredible vigour!
You hear a shout!
The ogre closely misses you.
Grinder comes into view.
Grinder gestures at you.
You suddenly lose the ability to move!
Grinder hits you.
* * * LOW HITPOINT WARNING * * *
You writhe in agony.
* * * LOW HITPOINT WARNING * * *
The ogre hits you with a giant spiked club!
You die...
Your body disappears without a glow.

############
#...h......######
#W##.............
#.####O##.#####.######
#...5@O...# #.#
#.####..### ...
#...... .....
.....#####.#.#..
###..# #.#.#..# #..#
#.#.#..# #..# ...


You could see Grinder, 2 ogres and hilaritas's ghost.

Vanquished Creatures
  The ghost of Ymberto the Skirmisher, an amateur MiHu (D:3)
  Terence (D:3)
  Ijyb (D:2)
  4 adders
  An ooze (D:3)
  An adder skeleton (D:4)
  2 dart slugs (D:1)
  3 leopard geckos
  2 orcs (D:3)
  A ball python (D:2)
  5 bats
  2 giant cockroaches
  4 hobgoblins
  5 jackals
  A quokka (D:3)
  5 frilled lizards
  6 goblins
  6 kobolds
  4 rats
55 creatures vanquished.

Notes
Turn   | Place    | Note
-------+----------+-------------------------------------------
     0 | D:1      | dohliylev the Vampire Enchanter began the quest for the Orb.
     0 | D:1      | Reached XP level 1. HP: 13/13 MP: 3/3
   238 | D:1      | Reached skill level 5 in Stealth
   551 | D:1      | Reached XP level 2. HP: 19/19 MP: 5/5
   557 | D:1      | Learned a level 2 spell: Ensorcelled Hibernation
  1041 | D:2      | Reached skill level 6 in Stealth
  1289 | D:2      | You fall through a shaft!
  1289 | D:3      | Noticed Terence
  1290 | D:3      | Found a sparkling altar of Nemelex Xobeh.
  1304 | D:3      | Noticed Ijyb
  1317 | D:2      | Killed Ijyb
  1317 | D:2      | Reached XP level 3. HP: 12/24 MP: 2/6
  1518 | D:2      | Reached skill level 7 in Stealth
  1741 | D:2      | Reached XP level 4. HP: 30/30 MP: 7/7
  2296 | D:3      | Reached skill level 8 in Stealth
  2387 | D:3      | Killed Terence
  2387 | D:3      | Reached skill level 5 in Hexes
  2757 | D:3      | Reached XP level 5. HP: 35/35 MP: 5/8
  2880 | D:3      | Found a deep blue altar of Sif Muna.
  2987 | D:3      | Noticed Ymberto's ghost (amateur MiHu)
  2995 | D:3      | Learned a level 3 spell: Confuse
  3621 | D:3      | Killed Ymberto's ghost
  3781 | D:4      | Found a staircase to the Ecumenical Temple.
  3803 | Temple   | Entered the Ecumenical Temple
  4086 | D:3      | Became a worshipper of Nemelex Xobeh the Trickster
  4125 | D:4      | Noticed an ogre
  4128 | D:4      | Noticed hilaritas's ghost (amateur DDBe)
  4137 | D:4      | Noticed an ogre
  4143 | D:4      | Noticed Grinder
  4144 | D:4      | Paralysed by Grinder for 6 turns
  4146 | D:4      | Slain by an ogre

Skill      XL: |  1  2  3  4  5 |
---------------+----------------+-----
Stealth        | 5 6 7 8 |  8.0
Hexes          | 5 7 |  7.1
Short Blades   | |  1.2
Dodging        | |  2.1
Spellcasting   | |  2.0
Evocations     | |  0.5

Action                   |  1- 3 |  4- 6 || total
-------------------------+-------+-------++-------
Melee: Dagger            |    56 |    82 ||   138
       Bite              |     4 |     8 ||    12
 Cast: Corona            |     7 |       ||     7
       Ensorcelled Hiber |    11 |    26 ||    37
       Confuse           |       |     9 ||     9
Evoke: Wand              |    12 |     9 ||    21
  Use: Scroll            |       |     3 ||     3
       Potion            |       |     1 ||     1
 Stab: Sleeping          |     9 |    23 ||    32
       Confused          |     2 |     4 ||     6
  Eat: Corpse            |     3 |     9 ||    12
Armor: Robe              |    11 |    11 ||    22
Dodge: Dodged            |    42 |    48 ||    90
